Match 45777277
Unlisted

Match 45777277
End
Kettenkrad Recon Vehicle
Construct Infanterie Kompanie
MG 42 Machine Gun Team
GrW 34 Mortar Team
Grenadier Squad
Grenadier Squad
Construct Luftwaffe Kompanie
Support Elements
Medical Bunker
Wirbelwind Flakpanzer
MG 42 Bunker
Jäger Squad
Jäger Squad
Pioneer Squad
Construct Panzer Kompanie
Selects Breakthrough Battlegroup
Selects 2.5-tonne Cargo Truck
Selects Blitzkrieg
2.5-tonne Cargo Truck
Brothers in Trenches
Kernstorm
kty04_6
woof_raff
SamyTheSeal
Friendly Mouse(Poxie)
0
0

Comments sign in to comment!

No comments posted yet!